Workbook

Sheet 1. Submission Summary Sheet
A2: Submission Instructions | B2: Please read the entire instruction sheet before completing your corridor submission form. Proposed CUFC/CRFC corridor submissions from MPOs and RTPOs must be returned by email to Wenjuan Zhao at zhaow@wsdot.wa.gov no later than July 15, 2022. Electronic copies of the following items need to be included in the submittal package: • Completed Critical Freight Corridor Submission Form • Detailed corridor location map in PDF format for each proposed corridor MPO/RTPOs are strongly encouraged to coordinate with their local jurisdiction members (cities, counties, ports, and tribes) to develop the proposed corridor list.
A9: Contact Information
A10: Name of MPO or RTPO | B10: Peninsula RTPO
A11: Contact Name | B11: Thera Black
A12: Contact Email Address | B12: TheraB@PeninsulaRTPO.org
A13: Contact Phone Number | B13: 360.878.0353
A16: Priority List of Corridors (must not exceed regional mileage target - 5.8 CUFC miles and 17.1 CRFC miles) | B16: Corridor ID | C16: Corridor Name | D16: Start Location | E16: End Location | F16: Proposed Corridor Type (CUFC or CRFC) | G16: Jurisdiction | H16: Key Considerations for Corridor Designation (indicate 1, 2, or 3) | I16: 2021 FGTS Classification | J16: Corridor Length (miles) | K16: Note
B17: 1 | C17: US 101 - S Airport Rd to E Lauridsen Blvd | D17: MP 245.07 | E17: MP 247.2 (vic E. Lauridsen) | F17: CRFC | G17: Port Angeles | H17: 2 | I17: T-2 / T-3 | J17: 2.13 | K17: Pursuing 101/117 improvements
B18: 2 | C18: SR 117 / Tumwater Truck Road | D18: MP 0 (US 101) | E18: MP 1.4 (Port of Pt Angeles) | F18: CRFC | G18: Port Angeles | H18: 2 | I18: T-2 | J18: 1.4 | K18: Pursuing 101/117 improvements
B19: 3 | C19: US 101 - East Sequim | D19: MP 266.10 (vic Simdars Rd) | E19: MP 267.5 (vic Palo Alto Rd) | F19: CRFC | G19: Sequim, Clallam Cty | H19: 2 | I19: T-2 | J19: 1.4 | K19: Pursuing 101/Simdars I/C improvements
B20: 4 | C20: US 101 Miller Peninsula | D20: MP 274.04 (vic Knapp Rd) | E20: MP 275 (vic Old Gardiner Rd W) | F20: CRFC | G20: JST/Clallam County | H20: 2 | I20: T-3 | J20: 0.94 | K20: Accommodate freight in upcoming projects
B21: 5 | C21: SR 20 - Mill Road to WSF | D21: MP 9.8 (vic Mill Road) | E21: MP 12.56 (WSF dock) | F21: CRFC | G21: Port Townsend | H21: 3 | I21: T-3 | J21: 2.76 | K21: WSF commercial reservations, I-5 alt route
B22: 6 | C22: SR 104 - Hood Canal Bridge | D22: MP 13.7 (vic Paradise Rd) | E22: MP 15.5 (SR 3) | F22: CRFC | G22: Jefferson/Kitsap | H22: 2 | I22: T-2 | J22: 1.8 | K22: Hood Canal Bridge - vital freight asset
B23: 7 | C23: SR 3 Freight Corridor | D23: MP 28.8 (vic Lake Flora Rd) | E23: MP 23.2 (vic SR 302) | F23: CRFC | G23: Mason County | H23: 2 | I23: T-2 | J23: 5.6 | K23: Design stage; support for existing project
B24: 8 | C24: =+'2. Priority List '!M2 -> SR 3 at Johns Prairie Road | D24: MP 3.38 | E24: MP 3.77 | F24: CRFC | G24: Mason County | H24: 3 | I24: T-3 | J24: 0.39 | K24: First-mile/last-mile; intersection issue
B25: 9 | C25: US 101 at SR 8 interchange | D25: MP 361.37 | E25: MP 361.52 | F25: CUFC | G25: Thurston County | H25: 3 | I25: T-2 / T-1 | J25: =361.52-361.37 -> 0.15 | K25: UA bottleneck impacts rural freight mobility
I26: Total CRFC Miles Proposed | J26: =SUM(J17:J24) -> 16.42
I27: Total CRFC Miles Proposed | J27: =+J25 -> 0.15
I28: Grand Total Miles | J28: =+J26+J27 -> 16.57
A32: Secondary List of Corridors (Optional) | B32: Corridor ID | C32: Corridor Name | D32: Start Location | E32: End Location | F32: Proposed Corridor Type (CUFC or CRFC) | G32: Jurisdiction | H32: Key Considerations for Corridor Designation (indicate 1, 2, or 3) | I32: 2021 FGTS Classification | J32: Corridor Length (miles) | K32: Note
B33: 1
B34: 2
B35: 3
B36: 4
B37: Insert additional rows as necessary
I38: Total CRFC Miles Proposed
I39: Total CRFC Miles Proposed
I40: Grand Total Miles

Sheet 2. Priority List 
A1: Category | B1: No | C1: Attribute | D1: Definition | E1: Example Entry | F1: Corridor 1 | G1: Corridor 2 | H1: Corridor 3 | I1: Corridor 4 | J1: Corridor 5 | K1: Corridor 6 | L1: Corridor 7 | M1: Corridor 8 | N1: Corridor 9
A2: Corridor Location | B2: 1 | C2: Corridor Name | D2: Enter the full name of the proposed corridor | E2: XYZ Road | F2: =+'1. Submission Summary Sheet'!C17 -> US 101 - S Airport Rd to E Lauridsen Blvd | G2: =+'1. Submission Summary Sheet'!C18 -> SR 117 / Tumwater Truck Road | H2: =+'1. Submission Summary Sheet'!C19 -> US 101 - East Sequim | I2: US 101 - Miller Peninsula | J2: =+'1. Submission Summary Sheet'!C21 -> SR 20 - Mill Road to WSF | K2: SR 104 - Hood Canal Bridge | L2: SR 3 Freight Corridor | M2: SR 3 at Johns Prairie Road | N2: US 101 at SR 8 Interchange
B3: 2 | C3: MPO/RTPO | D3: MPO/RTPO Name | E3: ABC MPO | F3: Peninsula RTPO | G3: Peninsula RTPO | H3: Peninsula RTPO | I3: Peninsula RTPO | J3: Peninsula RTPO | K3: Peninsula RTPO | L3: Peninsula RTPO | M3: Peninsula RTPO | N3: TRPC
B4: 3 | C4: Urban / Rural Corridor Type | D4: CUFC - within Highway Urbanized Area (HUA) Boundary; or CRFC - outside HUA (see instruction sheet for a link to the HUA map) | E4: CUFC | F4: CRFC | G4: CRFC | H4: CRFC | I4: CRFC | J4: CRFC | K4: CRFC | L4: CRFC | M4: CRFC | N4: CUFC
B5: 4 | C5: Urbanized Area Name | D5: Name of Highway Urbanized Area if it falls under CUFC type | E5: Riverside Urban Area | F5: NA | G5: NA | H5: NA | I5: NA | J5: NA | K5: NA | L5: NA | M5: NA | N5: Olympia/Lacey/Tumwater UA
B6: 5 | C6: Previous Designation in 2016 | D6: Yes - previously designated in 2016; or No - not previously designated in 2016 (see instruction sheet for a link to 2016 CUFC/CRFC map) | E6: Yes | F6: No | G6: No | H6: No | I6: No | J6: No | K6: No | L6: No | M6: No | N6: No
B7: 6 | C7: Corridor Length | D7: Length in Miles (round to two decimal places) | E7: 2 | F7: =+'1. Submission Summary Sheet'!J17 -> 2.13 | G7: 1.4 | H7: =+'1. Submission Summary Sheet'!J19 -> 1.4 | I7: 0.94 | J7: 2.76 | K7: 1.8 | L7: =+'1. Submission Summary Sheet'!J23 -> 5.6 | M7: 0.39 | N7: 0.15
B8: 7 | C8: Start Location | D8: Name of start intersecting street | E8: 1st Ave | F8: NA | G8: NA | H8: NA | I8: NA | J8: NA | K8: NA | L8: NA | M8: NA | N8: NA
B9: 8 | C9: End Location | D9: Name of end intersecting street | E9: 3rd Ave | F9: NA | G9: NA | H9: NA | I9: NA | J9: NA | K9: NA | L9: NA | M9: NA | N9: NA
B10: 9 | C10: Begin Milepost | D10: Start milepost value (if applicable) | E10: NA | F10: =+'1. Submission Summary Sheet'!D17 -> MP 245.07 | G10: MP 0 (US 101) | H10: MP 266.10 (vic Simdars Rd) | I10: MP 274.04 (vic Knapp Road) | J10: =+'1. Submission Summary Sheet'!D21 -> MP 9.8 (vic Mill Road) | K10: MP 13.7 (vic Paradise Rd) | L10: =+'1. Submission Summary Sheet'!D23 -> MP 28.8 (vic Lake Flora Rd) | M10: =+'1. Submission Summary Sheet'!D24 -> MP 3.38 | N10: 361.37
B11: 10 | C11: End Milepost | D11: End milepost value (if applicable) | E11: NA | F11: =+'1. Submission Summary Sheet'!E17 -> MP 247.2 (vic E. Lauridsen) | G11: =+'1. Submission Summary Sheet'!E18 -> MP 1.4 (Port of Pt Angeles) | H11: MP 267.5 (vic Palo Alto Rd) | I11: MP 275 (vic Old Gardiner Rd W) | J11: =+'1. Submission Summary Sheet'!E21 -> MP 12.56 (WSF dock) | K11: MP 15.5 (SR 3) | L11: =+'1. Submission Summary Sheet'!E23 -> MP 23.2 (vic SR 302) | M11: MP 3.77 | N11: 361.52
B12: 11 | C12: Jurisdiction | D12: Please indicate the name of the jurisdiction within which the corridor is located (city name, or county name as applicable) | E12: XX City | F12: =+'1. Submission Summary Sheet'!G17 -> Port Angeles | G12: Port Angeles | H12: Sequim | I12: Jamestown S'Klallam Tribe and Clallam County | J12: Port Townsend | K12: Jefferson County / Kitsap County | L12: Mason County | M12: Mason County | N12: Thurston County
B13: 12 | C13: Ownership | D13: Indicate the jurisdictional ownership of this corridor by choosing from following option: city, county, port, state, tribe, or other | E13: City | F13: State | G13: State | H13: State | I13: State | J13: State | K13: State | L13: State | M13: State | N13: State
B14: 13 | C14: Supporting map | D14: Please also provide a pdf format map that shows the proposed corridor location as an attachment | E14: Map attached | F14: Map attached | G14: Map attached | H14: Map attached | I14: Map attached | J14: Map attached | K14: Map attached | L14: Map attached | M14: Map attached | N14: Map attached
A15: Designation Need Justisfication | B15: 14 | C15: Key considerations for Corridor Designation | D15: Please indicate which key consideration does the proposed corridor meet: 1) Corridor segments with projects that intend to apply for INFRA grant funds in the next five years (2022-2026) 2) Corridor segments with other regional freight priority projects that have a funding need and are planned for implementation in the next five years (2022-2026) 3) Corridor does not have projects planned in the next five years, but has been identified as critical to freight for other reasons | E15: 2 | F15: 2 | G15: 2 | H15: 2 | I15: 2 | J15: 3 | K15: 2 | L15: 2 | M15: 3 | N15: 3
B16: 15 | C16: Project Name | D16: If 1 or 2 are entered under key considerations, enter the name of the project | E16: Port access road improvements | F16: SR 117 Truck Route at Hwy 101 Intersection | G16: SR 117 Truck Route at Hwy 101 Intersection | H16: US 101 E Sequim Corridor Improvements | I16: Truck Fueling and Commercial Stop Access | J16: NA | K16: Paradise Road / Shine Road / SR 104 Roundabout | L16: SR 3 Freight Corridor | M16: NA | N16: NA
B17: 16 | C17: Project Location and Improvements | D17: If 1 or 2 are entered under key considerations, please provide a brief description of the project location and type of improvements | E17: The project is located on X Road, with roadway widening between 1st Ave and 3rd Ave, and intersection improvement at 2nd Ave. | F17: Freight mobility, safety improvements at the US 101/SR 117 interchange to enable full directional access for freight, modify approaches on US 101 and SR 117. One of three inter-related segments. | G17: Freight mobility, safety improvements at the US 101/SR 117 interchange to enable full directional access for freight, modify approaches on US 101 and SR 117. One of three inter-related segments. | H17: The proposed project will add full directionality to the US 101/Simdars Road interchange and provide a parallel frontage road and intersection improvements for local traffic. | I17: The Tribal project on Trust Lands and the expanded future activites at the Miller State Park will require US101 intersection improvements on Knapp, Diamond Point and Old Gardiner Roads and decelleration/passing lanes for general capacity. | J17: NA | K17: This project will improve SR 104 intersections at the west end of the bridge to improve safety at a high accident location. | L17: Project will result in new limited access freight corridor, an alternative to SR 3 through Belfair and providing access to the intermodal freight facility on Log Yard Road and the Port of Bremerton industrial complex and airport. It includes three new RAB intersections. Until final design, ROW, and permitting are complete and inflation is accounted for, PRTPO remains uncertain as to full funding adequacy for this important regional project. | M17: NA | N17: NA
B18: 17 | C18: Project Funding Status | D18: If 1 or 2 are entered under key considerations, indicate project's funding status (partially funded, or unfunded) | E18: Unfunded | F18: Pre-planning funded in 2024 (TBD $); CN unfunded | G18: Pre-planning funded in 2024 (TBD $); CN unfunded | H18: US 101 E Sequim study is complete. CN funding is secured. | I18: Unfunded | J18: NA | K18: Partially funded | L18: 2 | M18: NA | N18: NA
B19: 18 | C19: Project Schedule | D19: If 1 or 2 are entered under key considerations, enter the anticipated project schedule (estimated start and end year) | E19: 2022-2030 | F19: 2024 - 2030 | G19: 2024 - 2030 | H19: 2022 - 2025 | I19: 2025-2027 | J19: NA | K19: CN start Spring 2023, complete Fall 2024 | L19: Begin CN in summer 2024, complete in winter 2026. | M19: NA | N19: NA
B20: 19 | C20: Project Owner | D20: If 1 or 2 are entered under key considerations, enter the name of the project owner | E20: XX City | F20: Port Angeles | G20: Port Angeles | H20: WSDOT Olympic Region | I20: Jamestown S'Klallam Tribe and WA State Parks | J20: NA | K20: WSDOT | L20: WSDOT | M20: NA | N20: NA
B21: 20 | C21: Other Reasons | D21: If 3 is entered under key considerations, please describe the reasons your agency is seeking corridor designation | E21: NA | F21: NA | G21: NA | I21: NA | J21: SR 20 provides direct access to the Port of Pt. Townsend and the WSF terminal. This is one of only two WSF routes that accepts commercial vehicle reservations due to its importance in supporting industry and commerce on Olympic Peninsula and Whidbey Island. SR 20 is the only N/S parallel corridor to I-5 between Olympia and Mt. Vernon. The 101/Mills St intersection provides access to the paper mill. | K21: NA | L21: NA | M21: Irregular intersection design impedes freight access between SR 3 and Port of Shelton, other industrial properties on Johns Prairie Road, creating first- / last-mile connectivity issues and contributing to congestion and safety issues at the intersection. Terrain and rural road network limit viable alternate routes. WSDOT is beginning to work with Mason County to explore potential design strategies to improve functionality for freight and passenger travel at this location. Corridor length reflects complex nature of the intersection problem to be resolved. Designation gives it a little impetus. | N21: Interchange geometry at the merger of US 101 SB with SR 8 EB creates a bottleneck that affects travel time reliability for freight. In its Corridor Sketch, WSDOT noted it is difficult for trucks to manuever. Over-sized loads going to or from Port of Shelton's Sanderson Field or other places need special accommodation or have to take long detours. There are no convenient alternate routes. WSDOT studied this in 2013 and made some improvements to the zipper merge, but noted then that additional work is needed. Critical corridor designation helps call attention to a bottleneck that affects freight mobility and economic opportunity in the Peninsula region.
A22: Connection to Freight Justification | B22: 21 | C22: FGTS Classification | D22: What is the 2021 FGTS classification of the proposed corridor? (see instruction sheet for a link to FGTS map) | E22: T-3 | F22: T2 | G22: T2 | H22: T2 | I22: T-3 | J22: T-3 | K22: T-2 | L22: Future T-3 | M22: T-3 | N22: This interchange is where US 101 goes from a T-2 to a T-1 corridor.
B23: 22 | C23: Connection to major freight facilities (urban) | D23: If the proposed corridor falls under urban category, does it provide access or connect to any of the following freight facilities? If yes, please identify the specific facility and provide an explanation for justification. A) Intermodal freight facilities; or B) Major freight generators, logistics centesr, or manufacturing and warehouse industrial land | E23: A - serves Port of X and provides a critical first/last mile connection to its intermodal terminal which handles Y TEUs of freight annually | F23: NA | G23: NA | H23: NA | I23: NA | J23: NA | K23: NA | L23: NA | M23: NA | N23: As the only highway connection between the Olympic Peninsula and I-5 south of the Tacoma Narrows Bridge and Hood Canal Bridge, this US 101 interchange enables access to and from all the major freight generators on the Olympic and Kitsap Peninsulas as well as the only intermodal freight transfer facility west of the I-5 corridor.
B24: 23 | C24: Connection to major freight facilities (rual) | D24: If the proposed falls under rural category, does it provide access or connect to any of the following freight facilities? If yes, please identify the specific facility and provide an explanation for justification. C) Energy exploration, development, installation, or production areas; D) Freight facilities handling more than 50,000 TEUs or 0.5 million tons of bulk commodities per year; E) Grain elevators, agricultural, mining, forestry, or intermodal facilities F) International ports of entry; G) Significant air, rail, water, or other freight facilities | E24: NA | F24: D) Provides essential access to Port of Port Angeles marine terminal and airport, industrial properties; F) international port of entry; G) Significant air and water freight facilities | G24: D) Provides essential access to Port of Port Angeles marine terminal and airport, industrial properties; F) international port of entry; G) Significant air and water freight facilities | H24: G) Vital freight facility providing essential connectivity between north end of Olympic Peninsula and the airports and seaports that help sustain rural industries, as well as access between markets and the F) international seaport and airport at Port Angeles. There are no practical alternate routes. Congestion and safety issues in vicinity of Simdars Rd affects freight movement east and west of there. | I24: E) Facility provides access to tribal enterprises, also to agricultural areas, some of which (like lavendar farms) generate commercial tourism traffic. Future development projects will generate intersection improvements at Knapp, Old Gardiner, Diamond Point, and add accel/decel lanes for general capacity. Freight access needs should be accommodated in the analysis and resulting improvements to ensure safe and efficient freight access and travel time reliability, minimize conflicts with other local and tourism traffic, system users. | J24: D) The paper mill in Pt. Townsend brings in raw forestry materials and exports finished paper products; G) it provides direct access to/from the WSF terminal and the essential freight connection it provides between the Olympic Peninsula and Whidbey Island, Anacortes, etc. as well as to Port of Port Townsend marine facilities. Naval Air Station Whidbey Island considers this connection vital to their ability to maintain reliable freight and services logistics between Whidbey Island and navy facilities in Jefferson and Kitsap Counties. | K24: The Hood Canal Bridge is the only highway facility accessing the Olympic Peninsula. As such, it provides vital connectivity for D) freight facilities on the Peninsula, E) forestry operations on the Peninsula, F) international port of entry at Port Angeles, and G) significant air, rail, water, and other freight facilities on the I-5 corridor that support rural industries on the Olympic Peninsula and the islands. While the current project west of the bridge will improve a high accident location, travel time reliability is a problem. Congestion delay due to bridge closures has an economic cost for freight and business on both sides of the bridge. Additional focus on operational efficiency and priority needs is warranted. There are no practical alternate routes. | L24: Corridor provides access to D) intermodal freight transfer facility (truck to rail) on Log Yard Rd serving industry, business, and US Navy as well as access to the Puget Sound Industrial Complex - Bremerton off Lake Flora Rd; E) the Log Yard Road intermodal freight transfer facility; G) Port of Bremerton airport and the US Navy railroad at the Log Yard Road intermodal freight facility. | M24: Intersection provides access to/from the industrially zoned properties and industrial uses on Johns Prairie Road and SR 3. This is the route from SR 3 to G) Sanderson Field, the Port of Shelton's airport and industrial area. | N24: NA
B25: 24 | C25: Importance to freight movement | D25: If your proposed corridor is not on a FGTS route, and your answer to "connection to major freight facilitites" question above is No, please provide supporting data/information to justify the importance of proposed corridor to regional or state freight movement | F25: NA | G25: NA | H25: NA | I25: NA | K25: NA | L25: NA | M25: NA | N25: NA

Sheet 3.Secondary List (Optional)
C1: Note - sheet 3 has the same layout as sheet 2 with same attributes. Please only fill out sheet 3 if you have any secondary list of corridors to submit for consideration.
A2: Category | B2: No | C2: Attribute | D2: Definition | E2: Example Entry | F2: Corridor 1 | G2: Corridor 2 | H2: Corridor 3 | I2: Corridor 4 | J2: Corridor 5
A3: Corridor Location | B3: 1 | C3: Corridor Name | D3: Enter the full name of the proposed corridor | E3: XYZ Road
B4: 2 | C4: MPO/RTPO | D4: MPO/RTPO Name | E4: ABC MPO
B5: 3 | C5: Urban / Rural Corridor Type | D5: CUFC - within Highway Urbanized Area (HUA) Boundary; or CRFC - outside HUA (see instruction sheet for a link to the HUA map) | E5: CUFC
B6: 4 | C6: Urbanized Area Name | D6: Name of Highway Urbanized Area if it falls under CUFC type | E6: Riverside Urban Area
B7: 5 | C7: Previous Designation in 2016 | D7: Yes - previously designated in 2016; or No - not previously designated in 2016 (see instruction sheet for a link to 2016 CUFC/CRFC map) | E7: Yes
B8: 6 | C8: Corridor Length | D8: Length in Miles (round to two decimal places) | E8: 2
B9: 7 | C9: Start Location | D9: Name of start intersecting street | E9: 1st Ave
B10: 8 | C10: End Location | D10: Name of end intersecting street | E10: 3rd Ave
B11: 9 | C11: Begin Milepost | D11: Start milepost value (if applicable) | E11: NA
B12: 10 | C12: End Milepost | D12: End milepost value (if applicable) | E12: NA
B13: 11 | C13: Jurisdiction | D13: Please indicate the name of the jurisdiction within which the corridor is located (city name, or county name as applicable) | E13: XX City
B14: 12 | C14: Ownership | D14: Indicate the jurisdictional ownership of this corridor by choosing from following option: city, county, port, state, tribe, or other | E14: City
B15: 13 | C15: Supporting map | D15: Please also provide a pdf format map that shows the proposed corridor location as an attachment | E15: Map attached
A16: Designation Need Justisfication | B16: 14 | C16: Key considerations for Corridor Designation | D16: Please indicate which key consideration does the proposed corridor meet: 1) Corridor segments with projects that intend to apply for INFRA grant funds in the next five years (2022-2026) 2) Corridor segments with other regional freight priority projects that have a funding need and are planned for implementation in the next five years (2022-2026) 3) Corridor does not have projects planned in the next five years, but has been identified as critical to freight for other reasons | E16: 2
B17: 15 | C17: Project Name | D17: If 1 or 2 are entered under key considerations, enter the name of the project | E17: Port access road improvements
B18: 16 | C18: Project Location and Improvements | D18: If 1 or 2 are entered under key considerations, please provide a brief description of the project location and type of improvements | E18: The project is located on X Road, with roadway widening between 1st Ave and 3rd Ave, and intersection improvement at 2nd Ave.
B19: 17 | C19: Project Funding Status | D19: If 1 or 2 are entered under key considerations, indicate project's funding status (partially funded, or unfunded) | E19: Unfunded
B20: 18 | C20: Project Schedule | D20: If 1 or 2 are entered under key considerations, enter the anticipated project schedule (estimated start and end year) | E20: 2022-2030
B21: 19 | C21: Project Owner | D21: If 1 or 2 are entered under key considerations, enter the name of the project owner | E21: XX City
B22: 20 | C22: Other Reasons | D22: If 3 is entered under key considerations, please describe the reasons your agency is seeking corridor designation | E22: NA
A23: Connection to Freight Justification | B23: 21 | C23: FGTS Classification | D23: What is the 2021 FGTS classification of the proposed corridor? (see instruction sheet for a link to FGTS map) | E23: T-3
B24: 22 | C24: Connection to major freight facilities (urban) | D24: If the proposed corridor falls under urban category, does it provide access or connect to any of the following freight facilities? If yes, please identify the specific facility and provide an explanation for justification. A) Intermodal freight facilities; or B) Major freight generators, logistics centesr, or manufacturing and warehouse industrial land | E24: A - serves Port of X and provides a critical first/last mile connection to its intermodal terminal which handles Y TEUs of freight annually
B25: 23 | C25: Connection to major freight facilities (rual) | D25: If the proposed falls under rural category, does it provide access or connect to any of the following freight facilities? If yes, please identify the specific facility and provide an explanation for justification. C) Energy exploration, development, installation, or production areas; D) Freight facilities handling more than 50,000 TEUs or 0.5 million tons of bulk commodities per year; E) Grain elevators, agricultural, mining, forestry, or intermodal facilities F) International ports of entry; G) Significant air, rail, water, or other freight facilities | E25: NA
B26: 24 | C26: Importance to freight movement | D26: If your proposed corridor is not on a FGTS route, and your answer to "connection to major freight facilitites" question (22 & 23)above is No, please provide supporting data/information to justify the importance of proposed corridor to regional or state freight movement
